Map: Oceanborn LE

Players

awS

  • Race: Zerg Zerg
  • League: Diamond
  • Spawn Location: 11:00

Otter - Winner!

  • Race: Terran Terran
  • League: Diamond
  • Spawn Location: 5:00

VOD

Have the link to the VOD?

Description

TvZ Cyclone Rush

Time

  • Played on: Nov. 19, 2023, 2:36 a.m.
  • Length: 6:52
Show
View Real Time Build Order
Export as new Build Order

awS Zerg 

Build Orders: Hatch First 

Get SALT Encoding   

  12  0:00  Drone  
  13  0:13  Overlord  
  13  0:18  Drone  
  14  0:32  Drone x2  
  16  0:50  Hatchery  
  15  1:03  Spawning Pool  
  14  1:06  Drone  
  14  1:10  Drone  
  16  1:24  Drone, Overlord  
  17  1:51  Zergling x6  
  17  1:52  Queen  
  22  2:01  Queen  
  22  2:06  Drone  
  22  2:07  Drone  
  26  2:18  Hatchery  
  25  2:31  Queen  
  25  2:32  Drone x2  
  25  2:35  Drone  
  30  2:41  Overlord  
  30  2:47  Drone x2  
  30  2:50  Drone  
  33  2:52  Drone  
  33  3:13  Queen  
  33  3:18  Drone  
  33  3:19  Drone x6, Extractor x2  
  40  3:28  Extractor  
  38  3:37  Drone x2  
  40  3:51  Drone x5  
  40  3:52  Drone x4  
  40  3:53  Roach Warren  
  48  4:05  Drone  
  48  4:06  Overlord  
  49  4:12  Lair  
  49  4:24  Queen  
  49  4:25  Drone x3  
  49  4:26  Drone x2  
  49  4:27  Overlord  
  49  4:29  Overlord  
  56  4:36  Metabolic Boost  
  56  4:42  Drone  
  56  4:45  Extractor, Drone x3  
  59  4:46  Drone  
  61  4:52  Roach  
  61  4:53  Roach x4  
  61  4:56  Spore Crawler  
  61  5:06  Roach x3, Evolution Chamber  
  61  5:07  Roach, Evolution Chamber  
  64  5:24  Drone  
  64  5:26  Overlord  
  65  5:33  Hatchery  
  64  5:42  Drone x2  
  66  5:43  Drone  
  67  5:52  Roach x3  
  67  5:53  Roach  
  71  6:09  Roach x7  
  73  6:18  Drone x2  
  75  6:19  Hydralisk Den  
  74  6:26  Overlord x2  
  74  6:31  Roach Warren  
Show
View Real Time Build Order
Export as new Build Order

Otter Terran - Winner!

Build Orders: 2 Factory, Cyclone Opening 

Get SALT Encoding   

  12  0:00  SCV  
  13  0:12  SCV  
  14  0:17  Supply Depot  
  14  0:24  SCV  
  15  0:31  Refinery  
  15  0:41  Barracks  
  15  0:45  SCV  
  16  0:57  Supply Depot  
  16  0:58  SCV  
  17  1:06  Refinery  
  17  1:10  SCV  
  18  1:22  SCV  
  19  1:32  Factory  
  19  1:35  SCV  
  20  1:41  Barracks Reactor  
  21  1:47  SCV  
  21  1:59  SCV  
  22  2:03  Factory  
  22  2:11  SCV  
  23  2:25  Cyclone x2  
  23  2:27  Barracks Reactor  
  27  2:36  Supply Depot  
  27  2:57  Cyclone  
  29  3:09  Cyclone  
  31  3:17  Supply Depot  
  31  3:23  Cyclone  
  33  3:41  Cyclone x2  
  37  3:47  Orbital Command  
  37  3:54  Cyclone  
  39  4:02  Cyclone  
  41  4:17  Supply Depot  
  41  4:24  Cyclone x2  
  47  4:31  Cyclone  
  47  4:40  Supply Depot  
  47  4:42  Cyclone  
  49  5:05  Cyclone x3  
  55  5:30  Command Center  
  55  5:35  Cyclone  
  57  5:42  Cyclone  
  59  5:56  Cyclone  
  57  6:12  Cyclone x2  
  57  6:14  Cyclone  
Tags
 
Add a new tag
Caveats
  • Supply blocks, unpowered buildings, or Contaminate may cause inaccurate times.
  • Supply counts are checked every 10 seconds.